Map: [ESL] Data-C

Players

Ranger - Winner!

  • Race: Protoss Protoss
  • Spawn Location: 9:00

Probe

  • Race: Protoss Protoss
  • Spawn Location: 3:00

Event: DreamHack SC2 Masters 2022 Atlanta (Online)

VOD

Have the link to the VOD?

Description

Time

  • Played on: Sept. 30, 2022, 5:50 a.m.
  • Length: 10:20

All games in this series

Show
View Real Time Build Order
Export as new Build Order

Ranger Protoss - Winner!

Build Orders:  

Get SALT Encoding   

  12  0:00  Probe  
  13  0:12  Probe  
  14  0:19  Pylon  
  14  0:24  Probe (Chrono Boost)  
  15  0:38  Probe (Chrono Boost), Gateway  
  16  0:45  Probe (Chrono Boost)  
  16  0:47  Assimilator  
  17  0:52  Probe (Chrono Boost)  
  18  1:04  Probe (Chrono Boost)  
  18  1:05  Assimilator  
  19  1:12  Gateway  
  19  1:14  Probe (Chrono Boost)  
  20  1:27  Cybernetics Core  
  20  1:30  Probe  
  21  1:40  Pylon  
  21  1:43  Probe  
  22  1:56  Probe  
  22  1:57  Pylon  
  23  2:03  Pylon  
  23  2:11  Warp Gate (Chrono Boost)  
  23  2:15  Stalker  
  23  2:18  Stalker  
  23  2:20  Probe  
  28  2:37  Probe  
  28  2:46  Nexus  
  28  2:49  Sentry  
  30  2:52  Probe  
  31  2:59  Stalker  
  31  3:04  Probe  
  34  3:09  Pylon  
  34  3:16  Probe  
  35  3:24  Twilight Council  
  35  3:28  Probe (Chrono Boost)  
  36  3:40  Probe (Chrono Boost)  
  37  3:46  Probe (Chrono Boost)  
  38  3:51  Adept x2  
  43  3:57  Probe (Chrono Boost)  
  43  4:00  Probe (Chrono Boost), Blink (Chrono Boost)  
  46  4:10  Probe (Chrono Boost)  
  46  4:11  Probe (Chrono Boost)  
  46  4:13  Forge  
  47  4:18  Probe (Chrono Boost)  
  47  4:19  Probe (Chrono Boost)  
  48  4:28  Probe (Chrono Boost)  
  48  4:30  Probe (Chrono Boost)  
  48  4:31  Stalker x2  
  54  4:41  Probe  
  54  4:43  Probe  
  56  4:45  Protoss Ground Weapons Level 1  
  54  4:53  Probe  
  54  4:54  Stalker  
  54  4:58  Pylon  
  54  4:59  Stalker  
  55  5:06  Probe  
  56  5:09  Nexus  
  56  5:11  Probe  
  55  5:16  Robotics Facility  
  55  5:25  Probe, Stalker  
  55  5:27  Stalker  
  58  5:29  Probe  
  58  5:32  Assimilator  
  58  5:38  Probe  
  58  5:39  Gateway  
  58  5:42  Gateway  
  59  5:46  Probe  
  60  5:51  Probe  
  60  5:56  Stalker x2  
  65  6:00  Probe  
  65  6:03  Observer  
  67  6:06  Pylon  
  67  6:07  Charge (Chrono Boost), Probe  
  68  6:11  Pylon  
  68  6:13  Probe  
  69  6:20  Pylon  
  69  6:22  Probe  
  69  6:23  Probe (Chrono Boost)  
  71  6:31  Probe (Chrono Boost), Stalker x2  
  76  6:34  Probe (Chrono Boost)  
  78  6:43  Probe (Chrono Boost)  
  78  6:44  Probe (Chrono Boost), Stalker x2  
  78  6:45  Probe (Chrono Boost)  
  78  6:46  Immortal  
  88  6:49  Probe x2  
  90  6:55  Gateway  
  90  7:01  Protoss Ground Weapons Level 2 (Chrono Boost)  
  90  7:03  Probe  
  90  7:05  Probe  
  90  7:10  Gateway  
  90  7:11  Probe  
  90  7:13  Gateway  
  90  7:15  Probe  
  90  7:19  Stalker x2  
  90  7:20  Gateway  
  90  7:21  Zealot  
  96  7:27  Zealot  
  96  7:29  Observer  
  98  7:30  Photon Cannon  
  98  7:33  Shield Battery  
  99  7:49  Nexus, Warp Prism (Chrono Boost)  
  99  7:56  Zealot  
  99  7:57  Zealot x3  
  109  8:08  Pylon  
  109  8:10  Pylon  
  109  8:13  Pylon x2  
  109  8:26  Photon Cannon  
  109  8:27  Zealot x4  
  113  8:30  Zealot x4  
  125  8:40  Pylon  
  125  8:41  Photon Cannon  
  125  8:48  Stalker x4  
  129  8:51  Stalker  
  133  8:56  Templar Archives  
  133  8:59  Zealot x3  
  138  9:10  Immortal (Chrono Boost)  
  138  9:17  Probe x4  
  144  9:18  Zealot  
  144  9:19  Zealot x3  
  154  9:29  Zealot x3  
  154  9:30  Zealot  
  156  9:39  Zealot x4  
  162  9:49  Zealot x2  
  162  9:50  Zealot x2  
  150  9:59  Zealot x3  
  130  10:00  Zealot  
  126  10:09  Zealot  
  126  10:10  Zealot x3  
Show
View Real Time Build Order
Export as new Build Order

Probe Protoss 

Build Orders:  

Get SALT Encoding   

  12  0:00  Probe  
  13  0:12  Probe  
  14  0:19  Pylon  
  14  0:24  Probe (Chrono Boost)  
  15  0:38  Probe (Chrono Boost)  
  15  0:39  Gateway  
  16  0:46  Probe (Chrono Boost)  
  16  0:47  Assimilator  
  17  0:52  Probe  
  18  1:04  Probe (Chrono Boost)  
  19  1:12  Assimilator  
  19  1:13  Pylon  
  19  1:16  Probe (Chrono Boost)  
  20  1:21  Probe (Chrono Boost)  
  21  1:26  Cybernetics Core  
  21  1:31  Probe  
  21  1:32  Zealot  
  24  1:43  Probe  
  25  1:55  Probe  
  26  2:02  Stalker (Chrono Boost)  
  26  2:03  Warp Gate  
  26  2:07  Probe  
  29  2:13  Pylon  
  29  2:18  Shield Battery  
  29  2:24  Stalker (Chrono Boost)  
  31  2:33  Robotics Facility  
  31  2:55  Nexus  
  31  3:04  Shield Battery, Probe  
  32  3:17  Probe  
  33  3:21  Warp Prism (Chrono Boost)  
  35  3:31  Gateway  
  35  3:35  Probe  
  36  3:47  Probe  
  37  3:51  Adept  
  39  4:00  Twilight Council  
  39  4:06  Probe (Chrono Boost), Pylon  
  39  4:07  Observer  
  41  4:10  Probe (Chrono Boost)  
  41  4:14  Adept  
  44  4:19  Probe (Chrono Boost)  
  44  4:22  Probe (Chrono Boost)  
  46  4:25  Sentry  
  46  4:27  Probe (Chrono Boost)  
  46  4:28  Probe (Chrono Boost)  
  50  4:33  Probe  
  50  4:36  Probe  
  52  4:39  Stalker  
  52  4:45  Probe  
  54  4:48  Probe  
  53  4:55  Blink  
  53  4:59  Probe  
  53  5:06  Stalker x2  
  56  5:10  Probe (Chrono Boost)  
  57  5:17  Probe (Chrono Boost)  
  58  5:22  Probe (Chrono Boost)  
  58  5:26  Probe (Chrono Boost)  
  58  5:27  Probe (Chrono Boost)  
  58  5:29  Observer  
  58  5:35  Stalker x2  
  62  5:42  Pylon  
  62  5:48  Assimilator  
  60  5:53  Nexus  
  60  5:55  Pylon  
  62  6:01  Forge, Probe x2  
  62  6:12  Sentry, Stalker  
  62  6:13  Probe (Chrono Boost)  
  62  6:14  Probe (Chrono Boost)  
  62  6:17  Observer (Chrono Boost)  
  69  6:18  Shield Battery  
  69  6:25  Probe (Chrono Boost)  
  71  6:26  Probe (Chrono Boost)  
  71  6:30  Protoss Ground Weapons Level 1 (Chrono Boost)  
  71  6:32  Probe x2 (Chrono Boost)  
  72  6:34  Gateway  
  72  6:35  Gateway  
  72  6:39  Probe x2  
  73  6:44  Stalker  
  73  6:47  Stalker  
  77  6:51  Probe  
  78  6:58  Probe (Chrono Boost)  
  78  7:00  Pylon x2  
  77  7:04  Observer  
  77  7:07  Probe (Chrono Boost)  
  79  7:08  Probe (Chrono Boost)  
  79  7:09  Pylon  
  79  7:12  Stalker x2  
  79  7:14  Observer  
  84  7:16  Probe (Chrono Boost)  
  84  7:18  Probe (Chrono Boost)  
  84  7:20  Probe (Chrono Boost)  
  87  7:22  Probe (Chrono Boost)  
  87  7:23  Probe (Chrono Boost)  
  87  7:28  Probe  
  89  7:34  Gateway, Probe  
  89  7:35  Gateway, Probe  
  90  7:38  Gateway  
  90  7:40  Charge (Chrono Boost), Gateway  
  90  7:41  Probe  
  90  7:42  Templar Archives  
  91  7:47  Probe  
  92  7:58  Observer  
  92  8:02  Zealot x4  
  92  8:04  Nexus  
  100  8:06  Pylon  
  100  8:07  Probe x2  
  102  8:19  Shield Battery, Pylon  
  102  8:23  High Templar x3  
  102  8:24  High Templar  
  110  8:28  Archon  
  110  8:29  Archon  
  110  8:33  Zealot, Photon Cannon  
  110  8:34  Shield Battery, Zealot x2  
  116  8:36  Probe x2  
  117  8:49  Zealot  
  119  8:56  Zealot x3  
  119  8:57  Robotics Bay  
  119  8:58  Nexus  
  119  9:00  Pylon  
  119  9:01  Pylon  
  119  9:02  Pylon x2  
  125  9:03  Pylon  
  125  9:04  Assimilator  
  125  9:10  Assimilator  
  125  9:18  Observer  
  125  9:19  Stalker  
  125  9:20  Stalker x2  
  125  9:22  Zealot  
  125  9:23  Zealot x4  
  134  9:39  Pylon  
  134  9:40  Gateway  
  134  9:41  Gateway  
  134  9:43  Zealot  
  134  9:44  Zealot x4  
  144  9:50  Zealot  
  123  9:53  Zealot x2  
  103  10:05  Zealot x2  
  103  10:06  Zealot x3  
Tags
 
Add a new tag
Caveats
  • Supply blocks, unpowered buildings, or Contaminate may cause inaccurate times.
  • Supply counts are checked every 10 seconds.